 Dungeon Crawl Stone Soup version 0.29-a0-541-gaf1fc19f1b (webtiles) character file.

Game seed: 1454428779421092030

281 kevlar127 the Ruffian (level 6, -4/62 HPs)
             Began as a Troll Berserker on June 2, 2022.
             Was a Priest of Trog.
             Slain by a gnoll
             ... wielding a +0 spear
              (5 damage)
             ... on level 4 of the Dungeon.
             The game lasted 00:04:18 (2076 turns).

kevlar127 the Ruffian (Troll Berserker)             Turns: 2076, Time: 00:04:19

Health: -4/62      AC:  4    Str: 28    XL:     6   Next: 6%
Magic:  5/5        EV: 10    Int:  3    God:    Trog [***...]
Gold:   122        SH:  0    Dex:  9    Spells: 5/5 levels left

rFire   . . .      SeeInvis .     - Unarmed
rCold   . . .      Faith    .   (no shield)
rNeg    . . .      Spirit   .   a - +0 animal skin
rPois   .          Reflect  .   (helmet restricted)
rElec   .          Harm     .   (no cloak)
rCorr   .          Rampage  .   (gloves unavailable)
Will    .....                   (boots unavailable)
Stlth   +.........              (no amulet)
HPRegen 1.00/turn               (no ring)
MPRegen 0.09/turn               (no ring)

@: no status effects
A: large, unfitting armour, claws 3, regeneration 1, shaggy fur 1, tough skin 1
a: Renounce Religion, Berserk, Trog's Hand


You were on level 4 of the Dungeon.
You worshipped Trog.
Trog was most pleased with you.
You visited 1 branch of the dungeon, and saw 4 of its levels.

You collected 122 gold pieces.

Inventory:

Missiles
 i - 11 poisoned darts (quivered)
 l - 49 stones
Armour
 a - a +0 animal skin (worn)
Jewellery
 n - a ring of protection from cold
Scrolls
 d - a scroll of magic mapping {unknown}
 e - a scroll of identify {unknown}
 f - a scroll of summoning {unknown}
 j - a scroll of vulnerability {unknown}
 m - 2 scrolls of enchant weapon {unknown}
Potions
 b - 2 potions of curing {unknown}
 c - 3 potions of might {unknown}
 g - a potion of haste {unknown}
 h - a potion of resistance {unknown}
 k - a potion of lignification {unknown}


   Skills:
 + Level 4.1 Fighting
 + Level 0.1 Throwing
 - Level 3.1 Dodging
 + Level 4.9 Unarmed Combat


You had 5 spell levels left.
You didn't know any spells.
Your spell library was empty.

Dungeon Overview and Level Annotations

Branches:
Dungeon (4/15)             Temple (0/1) D:4

Altars:
Dithmenos
Fedhas
Vehumet
Xom
Yredelemnul


Innate Abilities, Weirdness & Mutations

You are too large for most types of armour.
You have claws for hands.
Your natural rate of healing is unusually fast.
You are covered in fur. (AC +1)
You have tough skin. (AC +1)


Message History

The gnoll misses you. The giant cockroach bites you.
The orc hits you with a +0 falchion.
The hobgoblin hits you but does no damage.
The orc hits you with a +0 hand axe.
You scratch the orc.
You kill the orc!
Trog accepts your kill. The gnoll barely misses you.
The giant cockroach bites you but does no damage.
You scratch the giant cockroach.
The giant cockroach is lightly wounded.
The hobgoblin hits you but does no damage.
The orc barely misses you.
The giant cockroach bites you but does no damage.
The gnoll closely misses you. The jackal bites you.
You claw the giant cockroach!
You kill the giant cockroach!
Trog accepts your kill.
The gnoll hits you from afar with a +0 spear.
The hobgoblin hits you but does no damage.
The orc hits you with a +0 hand axe. The jackal barely misses you.
The gnoll hits you from afar with a +0 spear.
You claw the gnoll!
The gnoll is severely wounded.
The jackal completely misses you. The hobgoblin hits you.
The orc hits you with a +0 hand axe.
The gnoll hits you from afar with a +0 spear.
The gnoll hits you with a +0 club!
The gnoll hits you from afar with a +0 spear!
* * * LOW HITPOINT WARNING * * *
You barely miss the gnoll.
The gnoll is severely wounded.
The jackal stops to sniff the ground.
The jackal barely misses you. The hobgoblin barely misses you.
The orc hits you with a +0 hand axe.
* * * LOW HITPOINT WARNING * * *
The gnoll hits you with a +0 flail.
* * * LOW HITPOINT WARNING * * *
The gnoll hits you from afar with a +0 spear.
You die...

#...# ..# ...#
...# ...#o...#
..#....# .>.....#
####.#....#
#...ggg...#
#..)@g....#
#...hog.#.#
#######...........
...........#####..
######(.......# .
#....###.#
#.....[# #......#
.####..)...#


You could see 4 gnolls, an orc, a jackal and a hobgoblin.

Vanquished Creatures
  A phantom (D:4)
  A howler monkey (D:4)
  Jessica (D:3)
  6 adders
  4 worms (D:2)
  A dart slug (D:1)
  6 orcs
  4 ball pythons
  5 endoplasms (D:3)
  3 giant cockroaches
  5 goblins
  5 hobgoblins
  4 kobolds
  4 quokkas
  14 bats
  A frilled lizard (D:1)
  4 rats
69 creatures vanquished.

Vanquished Creatures (others)
  A plant (D:4)
1 creature vanquished.

Grand Total: 70 creatures vanquished

Notes
Turn   | Place    | Note
-------+----------+-------------------------------------------
     0 | D:1      | kevlar127 the Troll Berserker began the quest for the Orb.
     0 | D:1      | Reached XP level 1. HP: 22/22 MP: 0/0
   176 | D:1      | Found a faded altar of an unknown god.
   288 | D:1      | Reached XP level 2. HP: 29/29 MP: 1/1
   460 | D:1      | Reached ** piety under Trog
   663 | D:2      | Reached XP level 3. HP: 36/36 MP: 2/2
   857 | D:2      | Reached XP level 4. HP: 35/45 MP: 3/3
  1348 | D:3      | Found a shadowy altar of Dithmenos.
  1356 | D:3      | Found a shimmering altar of Xom.
  1360 | D:3      | Found a blossoming altar of Fedhas.
  1365 | D:3      | Found a basalt altar of Yredelemnul.
  1371 | D:3      | Found a radiant altar of Vehumet.
  1400 | D:3      | Noticed Jessica
  1406 | D:3      | Killed Jessica
  1632 | D:3      | Reached *** piety under Trog
  1639 | D:3      | Reached XP level 5. HP: 53/53 MP: 4/4
  1770 | D:4      | Found a staircase to the Ecumenical Temple.
  1808 | D:4      | Noticed a phantom
  1822 | D:4      | Killed a phantom
  1987 | D:4      | Reached XP level 6. HP: 62/62 MP: 5/5
  2076 | D:4      | HP: 1/62 [gnoll/+0 flail (5)]
  2076 | D:4      | Slain by a gnoll

Illustrated notes

Levels and vault maps discovered:
D:1:      dpeg_arrival_long_road, layout_basic,
          shapermc_ecumenical_altar_mp_urbaneastern
D:2:      layout_rooms
D:3:      layout_basic, nicolae_overflow_hallway_of_the_gods, roderic_batcave,
          uniq_jessica
D:4:      lemuel_castle_with_subvaults [lemuel_castle_interior_carwin_2],
          layout_basic, minmay_temple_entry_sparse_star,
          serial_co_window_serial, co_window_corner_a, co_window_paths_b,
          co_window_paths_a, co_window_paths_a, co_window_cross_1,
          co_window_2corner, co_window_of_opportunity_c, co_window_corner_b,
          co_window_paths_d, glass_columns_a

Skill      XL: |  1  2  3  4  5 |
---------------+----------------+-----
Dodging        | 3 |  3.1
Fighting       | 3 4 |  4.1
Unarmed Combat | 4 |  4.9
Throwing       | |  0.1

Action                   |  1- 3 |  4- 6 || total
-------------------------+-------+-------++-------
Melee: Unarmed           |    67 |   109 ||   176
       Punch             |       |     1 ||     1
Throw: Dart              |       |     2 ||     2
Armor: Animal skin       |    21 |    30 ||    51
Dodge: Dodged            |    24 |    73 ||    97

Table legend: (Time is in decaauts)
 A = Elapsed time spent in this place.
 B = Non-inter-level travel time spent in this place.
 C = Inter-level travel time spent in this place.
 D = Time resting spent in this place.
 E = Time spent auto-exploring this place.
 F = Levels seen in this place.
 G = Mean time per level.
                   A        B        C        D        E       F      G
               +--------+--------+--------+--------+--------+-----+--------+
         Total |   2062 |   1993 |     69 |      0 |   1602 |   4 |  515.5 |
       Dungeon |   2062 |   1993 |     69 |      0 |   1602 |   4 |  515.5 |
               +--------+--------+--------+--------+--------+-----+--------+

Top non-repeatable levels by time:
     D:3: 683 daAuts
     D:1: 638 daAuts
     D:2: 430 daAuts
     D:4: 309 daAuts
